 Dungeon Crawl Stone Soup version 0.29.1-14-g9c671dbff4 (webtiles) character file.

Game seed: 682455228522787415

100788 Sanktem7 the Slayer (level 15, -6/146 HPs)
             Began as a Minotaur Fighter on Feb 18, 2023.
             Was the Champion of Okawaru.
             Killed by the raging water
             ... invoked by a water nymph
              (23 damage)
             ... on level 3 of the Shoals.
             The game lasted 01:22:35 (32693 turns).

Sanktem7 the Slayer (Minotaur Fighter)             Turns: 32693, Time: 01:22:36

Health: -6/146     AC: 31    Str: 32    XL:     15   Next: 81%
Magic:  14/14      EV:  2    Int:  5    God:    Okawaru [******]
Gold:   182        SH: 33    Dex: 11    Spells: 14/14 levels left

rFire   + . .      SeeInvis +   Z - +3 morningstar (flame) {mace}
rCold   . . .      Faith    .   v - +18 shield of the Gong {rElec rN+ Will+ EV-5}
rNeg    + . .      Spirit   .   a - +4 plate armour {Will+}
rPois   .          Reflect  +   (helmet restricted)
rElec   +          Harm     .   s - +2 cloak {Will+}
rCorr   +          Rampage  .   k - +2 pair of gloves
Will    +++++                   e - +2 pair of boots "Dionaoho" {+Inv Will+ Str+5}
Stlth   ..........              V - amulet of reflection
HPRegen 0.34/turn               m - ring of see invisible
MPRegen 0.14/turn               K - ring of resist corrosion

@: engulfed (cannot breathe), very slow
A: horns 2, retaliatory headbutt, fire resistance 1, frail 1, strong-willed 1,
MP-powered wands
a: Renounce Religion, Evoke Invisibility, Heroism, Finesse, Duel


You were on level 3 of the Shoals.
You worshipped Okawaru.
Okawaru was exalted by your worship.
You visited 6 branches of the dungeon, and saw 24 of its levels.
You also visited: Sewer.

You collected 2196 gold pieces.
You spent 2014 gold pieces at shops.


Innate Abilities, Weirdness & Mutations

You have a pair of horns on your head.
You reflexively headbutt those who attack you in melee.
Your flesh is heat resistant. (rF+)
You are frail. (-10% HP)
You are strong-willed. (Will+)
You expend magic power (3 MP) to strengthen your wands.


   Skills:
 * Level 23.3 Fighting
 - Level 15.4(15.9) Axes
 - Level 6.6(12.0) Maces & Flails
 - Level 5.4 Ranged Weapons
 - Level 6.0 Throwing
 + Level 14.6 Armour
 - Level 8.0 Shields


You had 14 spell levels left.
You didn't know any spells.
Your spell library contained the following spells:

 Spells                   Type           Power      Damage    Failure   Level
 Freeze                   Ice            0%         1d3       100%        1
 Magic Dart               Conj           0%         1d3       100%        1
 Sandblast                Erth           0%         2d4       100%        1
 Blink                    Tloc           0%         N/A       100%        2
 Passwall                 Tmut/Erth      0%         N/A       100%        2
 Poisonous Vapours        Pois/Air       0%         N/A       100%        2
 Searing Ray              Conj           0%         2d4       100%        2
 Sublimation of Blood     Necr           0%         N/A       100%        2
 Frozen Ramparts          Ice            0%         1d1       100%        3
 Lesser Beckoning         Tloc           0%         N/A       100%        3
 Mephitic Cloud           Conj/Pois/Air  0%         N/A       100%        3
 Portal Projectile        Hex/Tloc       0%         N/A       100%        3
 Stone Arrow              Conj/Erth      0%         3d7       100%        3
 Corpse Rot               Necr/Pois/Air  0%         N/A       100%        4
 Dispel Undead            Necr           0%         3d6       100%        4
 Fulminant Prism          Conj/Hex       0%         3d6       100%        4
 Hailstorm                Conj/Ice       0%         3d3       100%        4
 Leda's Liquefaction      Hex/Erth       0%         N/A       100%        4
 Petrify                  Tmut/Erth      0%         N/A       100%        4
 Irradiate                Conj/Tmut      0%         3d11      100%        5
 Manifold Assault         Tloc           0%         N/A       100%        5
 Call Imp                 Summ           Unusable   N/A       N/A         2
 Call Canine Familiar     Summ           Unusable   N/A       N/A         3
 Death Channel            Necr           Unusable   N/A       N/A         6

Inventory:

Hand Weapons
 c - a +1 demon whip of venom {mace}
   (You took it off Amaemon on level 1 of the Lair of Beasts)
 j - the +3 hand crossbow of the Rattlesnake {penet, Drain rElec rPois Dex+2, crossbow}
   (Okawaru gifted it to you on level 2 of the Orcish Mines)

   Any ammunition fired by it passes through the targets it hits, potentially
   hitting all targets in its path until it reaches maximum range.
   Dex:       It affects your dexterity (+2).
   rElec:     It insulates you from electricity.
   rPois:     It protects you from poison.
   Drain:     It drains your maximum health when unequipped.
 Z - a +3 morningstar of flaming (weapon) {mace}
   (Okawaru gifted it to you on level 5 of the Lair of Beasts)
Missiles
 f - 2 boomerangs of dispersal {=f!fthrowing}
 t - a throwing net {=f!fthrowing}
 x - 5 javelins {throwing}
 E - 50 boomerangs {throwing}
 N - 7 atropa-tipped darts {throwing}
 P - 12 silver javelins {throwing}
 R - 10 stones {throwing}
Armour
 a - a +4 plate armour of willpower (worn)
   (You bought it in a shop on level 2 of the Orcish Mines)
 e - the +2 pair of boots "Dionaoho" (worn) {+Inv Will+ Str+5}
   (Okawaru gifted it to you on level 5 of the Lair of Beasts)

   Str:       It affects your strength (+5).
   +Inv:      It lets you turn invisible.
   Will:      It increases your willpower.
 k - a +2 pair of gloves (worn)
   (You found it on level 8 of the Dungeon)
 s - a +2 cloak of willpower (worn)
   (You bought it in a shop on level 1 of the Snake Pit)
 v - the +18 shield of the Gong (worn) {rElec rN+ Will+ EV-5}
   (Okawaru gifted it to you on level 2 of the Shoals)

   It is deafeningly noisy when blocking attacks.
   EV:        It affects your evasion (-5).
   rElec:     It insulates you from electricity.
   rN:        It protects you from negative energy.
   Will:      It increases your willpower.
 U - a +3 buckler of protection
   (You bought it in a shop on level 10 of the Dungeon)
Jewellery
 m - a ring of see invisible (left hand)
   (You found it on level 2 of the Dungeon)
 K - a ring of resist corrosion (right hand)
   (You found it on level 9 of the Dungeon)
 V - an amulet of reflection (around neck)
   (You bought it in a shop on level 10 of the Dungeon)
Wands
 i - a wand of digging (7)
   (You found it on level 4 of the Dungeon)
 z - a wand of iceblast (10)
   (You found it on level 5 of the Lair of Beasts)
 D - a wand of flame (37)
   (You found it on level 6 of the Dungeon)
 L - a wand of charming (17)
   (You found it on level 9 of the Dungeon)
 X - a wand of acid (12)
   (You found it on level 11 of the Dungeon)
Scrolls
 b - 7 scrolls of identify {@r1}
 q - 6 scrolls of teleportation {@r4}
 u - 4 scrolls of fear
 F - a scroll of immolation {!r!r}
 G - 3 scrolls of silence {!r}
 M - 2 scrolls of magic mapping {!r}
 O - 2 scrolls of poison {!r}
 Y - a scroll of fog
Potions
 d - 2 potions of might
 l - 2 potions of resistance
 n - 6 potions of flight
 p - 3 potions of mutation {!q}
 r - 4 potions of curing {@q1}
 w - 3 potions of degeneration {!q@e2}
 B - 3 potions of berserk rage {!q}
 H - 2 potions of attraction {!q}
 I - 4 potions of haste {@q3}
 J - 2 potions of brilliance
 Q - 6 potions of cancellation
 T - 4 potions of lignification {!q}
 W - a potion of ambrosia
Miscellaneous
 g - a condenser vane
   (You found it on level 5 of the Lair of Beasts)
 A - a lightning rod (4/4)
   (You found it on level 9 of the Dungeon)
 C - a tin of tremorstones (2/2) {throwing}
   (You found it on level 9 of the Dungeon)

Dungeon Overview and Level Annotations

Branches:
Dungeon (12/15) Zot: 25100  Temple (1/1) D:7 Zot: 5985    Lair (5/5) D:8 Zot: 20353
 Shoals (3/4) Lair:3 Zot: 14389   Snake (1/4) Lair:2 Zot: 4909   Slime (0/5) Lair:4
    Orc (2/2) D:12 Zot: 9249     Elf (0/3) Orc:2         Sewer (visited)

Altars:
Ashenzari
Cheibriados
Dithmenos
Elyvilon
Fedhas
Gozag
Hepliaklqana
Kikubaaqudgha
Makhleb
Nemelex Xobeh
Okawaru
Qazlal
Ru
Sif Muna
Trog
Uskayaw
Vehumet
Wu Jian
Xom
Yredelemnul
Zin
The Shining One

Shops:
D:10 *   Orc:2 !!*[[ Snake:1

*
~≈≈≈≈≈≈≈≈≈≈≈≈≈≈≈≈≈≈≈
~≈≈≈≈≈≈≈≈≈≈≈≈≈≈≈≈≈≈≈
P≈≈≈≈≈≈≈≈≈≈≈≈≈≈≈≈≈≈≈≈
PPP≈≈~~k.~~≈≈≈≈≈≈≈≈≈≈
.P~≈~P.#.~~≈≈≈≈≈≈≈≈≈≈
~P~P..###.~~≈≈≈≈≈≈≈≈≈
PP≈~~. #.~~~≈≈≈≈≈≈≈≈
~≈≈~~. #...~~≈≈≈≈≈≈≈
P≈≈P~m~#####@~≈≈≈≈≈≈≈
≈≈≈~PP..# #SE~≈≈≈≈≈≈
≈≈≈≈P~~.# ##~tk≈≈≈≈≈
≈≈≈≈≈~~.## ##t~~≈≈≈≈≈
≈≈≈≈≈≈~~.###mHc~≈≈≈≈≈
≈≈≈≈≈≈~~..)~~c~~≈≈≈≈≈
≈≈≈≈≈≈~~~~.~.mm~≈≈≈≈≈
≈≈≈≈≈≈≈~~~###.~~~≈≈≈≈
≈≈≈≈≈≈≈~~.# #.~~~≈≈≈≈


You could see a sea snake, 2 snapping turtles, 2 wind drakes, 2 fauns, a
manticore, a water elemental, a merfolk siren and a water nymph.


Message History

BOUMMMMG!
You hear an angry hiss.
You hear a bellow! 😱 HP[-5]
You take 5 damage, and now have 18/146 hp.
The sea snake bites you.
* * * LOW HITPOINT WARNING * * *
You are lethally poisoned!
The sea snake poisons you! You block the water nymph's attack.
GONNNNG!
The merfolk siren chants a haunting song.
You resist with almost no effort.
You hear a bellow! 😱 HP[-2]
You take 2 damage, and now have 16/146 hp.
You feel better. You block the sea snake's attack.
BOUMMMMG!
You block the water elemental's attack.
GONNNNG!
The wind drake flaps its wings at you. The air twists around and strikes you.
You block the water nymph's attack.
GONNNNG!
The snapping turtle bites you but does no damage.
The merfolk siren chants a haunting song.
You resist with almost no effort.
The sea snake barely misses you. 😱 HP[+10]
You regained 10 hp, and now have 26/146 hp.
The water elemental hits you.
* * * LOW HITPOINT WARNING * * *
The sea snake bites you.
* * * LOW HITPOINT WARNING * * *
You are lethally poisoned!
The sea snake poisons you!
The snapping turtle bites you but does no damage.
The water nymph casts a spell at you.
The water swirls and strikes you. 😱 HP[-11]
You take 11 damage, and now have 15/146 hp.
Okay, then.
You feel better. You block the water elemental's attack.
BONNNG!
You block the sea snake's attack.
GONNNNG!
The wind drake flaps its wings at you. The air twists around and strikes you!
* * * LOW HITPOINT WARNING * * *
The snapping turtle bites you but does no damage.
The water nymph casts a spell at you. The water swirls and strikes you.
You block the snapping turtle's attack.
BONNNG!
You hear an angry hiss.
You hear a bellow! 😱 HP[+2]
You regained 2 hp, and now have 17/146 hp.
The sea snake attacks as you move away! You block the sea snake's attack.
GONNNNG!
The merfolk siren chants a haunting song.
You resist with almost no effort. You block the sea snake's attack.
PTOANNNG!
The merfolk siren chants a haunting song.
You resist with almost no effort. The wind drake flaps its wings at you.
The air twists around and strikes you!
* * * LOW HITPOINT WARNING * * *
The snapping turtle bites you but does no damage.
The water elemental barely misses you. You block the sea snake's attack.
SHROANNG!
You hear an angry hiss.
You hear a bellow! 😱 HP[-12]
You take 12 damage, and now have 5/146 hp.
You feel better. The wind drake flaps its wings at you.
The air twists around and strikes you.
* * * LOW HITPOINT WARNING * * *
The merfolk siren chants a haunting song.
You resist with almost no effort. You block the sea snake's attack.
GONNNNG!
You block the snapping turtle's attack.
SHROANNG!
The water elemental completely misses you.
You hear an angry hiss. 😱 HP[+5]
You regained 5 hp, and now have 10/146 hp.
You feel better. You block the sea snake's attack.
GONNNNG!
You block the snapping turtle's attack.
SHROANNG!
The snapping turtle bites you but does no damage.
The water elemental hits you.
The water elemental engulfs you in water!
A wind drake comes into view.
You hear a bellow!
Something shouts, "Attack, my pets!
Attack!" 😱 HP[+12]
You regained 12 hp, and now have 22/146 hp.
You slip free of the water engulfing you.
You enter the shallow water.
Moving in this stuff is going to be slow.
* * * LOW HITPOINT WARNING * * *
Your lungs strain for air!
The merfolk siren chants a haunting song.
You resist with almost no effort.
The water nymph points at you and mumbles some strange words.
The water swirls and strikes you!!
You die...

Skill      XL: |  1  2  3  4  5  6  7  8  9 10 11 12 13 14 15 |
---------------+----------------------------------------------+-----
Fighting       | 4 5 6 8 9 11 13 15 16 19 21 23 | 23.3
Axes           | 3 5 6 7 9 11 13 14 15 | 15.4
Armour         | 4 5 6 8 9 11 13 14 | 14.6
Throwing       | 2 4 6 |  6.0
Maces & Flails | 6 |  6.6
Shields        | 6 8 |  8.0
Ranged Weapons | 2 5 |  5.4

Action                   |  1- 3 |  4- 6 |  7- 9 | 10-12 | 13-15 || total
-------------------------+-------+-------+-------+-------+-------++-------
Melee: War axe           |    32 |       |       |       |       ||    32
       Headbutt          |     5 |    20 |    51 |   170 |   386 ||   632
       Hand axe          |    48 |   102 |   232 |   588 |       ||   970
       Demon whip        |       |       |       |    38 |  1484 ||  1522
       Morningstar       |       |       |       |       |    91 ||    91
Throw: Dart              |       |       |       |     8 |    46 ||    54
Evoke: Phantom mirror    |       |       |     1 |       |       ||     1
       Lightning rod     |       |       |       |     2 |       ||     2
       Wand              |       |       |       |     1 |       ||     1
  Use: Scroll            |       |    11 |    11 |    10 |    10 ||    42
       Potion            |       |     2 |       |     5 |    12 ||    19
Armor: Scale mail        |    41 |    52 |     7 |       |       ||   100
       Chain mail        |       |       |    99 |       |       ||    99
       Plate armour      |       |       |    27 |   314 |   729 ||  1070
Dodge: Dodged            |    37 |    47 |    85 |   148 |   321 ||   638
Block: Buckler           |    24 |    27 |    43 |   264 |   793 ||  1151
       Reflection        |       |       |       |     2 |    47 ||    49
       Kite shield       |       |       |       |       |   150 ||   150

Levels and vault maps discovered:
D:1:      lightli_arrival_noodles, layout_basic,
          hellmonk_ecumenical_altar_lost_god
D:2:      layout_basic, minivault_26
D:3:      layout_loops_cross, uniq_grinder
D:4:      layout_loops_cross, gup_sewer_entry_spiral, chequers_arboretum,
          nrook_campfire, cheibrodos_gnoll_hut
D:5:      wad_woods_tower, layout_basic, st_stairs_12
D:6:      layout_basic, lemuel_tele_altar, mainiacjoe_overflow_paths
D:7:      layout_layer_cave, mainiacjoe_overflow_alcove_2,
          minmay_temple_entry_tees
D:8:      layout_basic, chequers_temple_overflow_statue_of_worship,
          lair_entry_dummy, minmay_liquid_box, amcnicky_mini_corridor_feature,
          kennysheep_donut, uniq_grum, uniq_pikel
D:9:      layout_gridville
D:10:     layout_layer_cave, serial_shops, nicolae_lakefront_shop, uniq_snorg,
          uniq_joseph, uniq_urug
D:11:     layout_roguey, st_stairs_3, minmay_misc_feat_rows, uniq_erica
D:12:     layout_basic, erik_orc_4, ebering_ghost_disaster_area
Temple:   sentei_temple_godly_chess
Lair:1:   layout_cellular_growth, serial_bayou_shore_b, uniq_harold,
          uniq_amaemon
Lair:2:   layout_loops_ring, dummy_snake_entry, beast_lair_carwin_7
Lair:3:   layout_loops_ring, minmay_shoals_entry_beasts
Lair:4:   layout_cave_pods, minmay_slime_entry_oklob_open, roderic_carrion_pond,
          grunt_megastairs_4
Lair:5:   evilmike_catoblepas_cave, layout_regular_city, wad_woods_road_06,
          hibernation_bobbens, grunt_megastairs_2, infiniplex_staircase_pool
Shoals:1: layout_shoals, regret_index_shoals_crete, uniq_donald
Shoals:2: layout_shoals, lightli_airlock
Shoals:3: layout_shoals, nicolae_shoals_goliath_grotto, uniq_polyphemus
Snake:1:  layout_misc_corridors, minmay_shop_star, uniq_josephine
Orc:1:    layout_diamond_mine, serial_shops, shop
Orc:2:    st_orc_town, layout_caves, serial_shops, nicolae_square_shop,
          mines3_lemuel

Notes
Turn   | Place    | Note
-------+----------+-------------------------------------------
     0 | D:1      | Sanktem7 the Minotaur Fighter began the quest for the Orb.
     0 | D:1      | Reached XP level 1. HP: 19/19 MP: 0/0
     0 | D:1      | magus.rc [v1.9.6]
    98 | D:1      | Reached XP level 2. HP: 20/27 MP: 1/1
   182 | D:1      | Reached skill level 4 in Fighting
   185 | D:1      | Reached skill level 3 in Axes
   271 | D:1      | You pick up a book of Frost and begin reading...
   271 | D:1      | You add the spells Freeze, Frozen Ramparts and Hailstorm to
                  | your library.
   424 | D:1      | Found a faded altar of an unknown god.
   428 | D:1      | You pick up a book of the Hunter and begin reading...
   428 | D:1      | You add the spells Call Canine Familiar, Portal Projectile
                  | and Leda's Liquefaction to your library.
   618 | D:1      | Reached XP level 3. HP: 29/33 MP: 2/2
   681 | D:1      | Reached skill level 4 in Armour
   875 | D:2      | You pick up a book of Spatial Translocations and begin
                  | reading...
   875 | D:2      | You add the spells Blink, Lesser Beckoning and Manifold
                  | Assault to your library.
  1280 | D:3      | You pick up a book of Alchemy and begin reading...
  1280 | D:3      | You add the spells Sublimation of Blood, Petrify and
                  | Irradiate to your library.
  1423 | D:3      | Reached XP level 4. HP: 39/41 MP: 3/3
  1776 | D:3      | Noticed Grinder
  1784 | D:3      | Killed Grinder
  1785 | D:3      | Reached skill level 5 in Fighting
  1785 | D:3      | Reached skill level 5 in Axes
  1785 | D:3      | Reached XP level 5. HP: 29/50 MP: 4/4
  1785 | D:3      | Reached XP level 6. HP: 33/57 MP: 5/5
  2047 | D:4      | Reached skill level 6 in Fighting
  2057 | D:4      | Reached skill level 5 in Armour
  2369 | D:4      | Found a glowing drain.
  2373 | Sewer    | Entered a sewer
  2494 | Sewer    | Noticed Pargi
  2509 | Sewer    | Killed Pargi
  2510 | Sewer    | Reached skill level 6 in Axes
  2754 | Sewer    | Gained mutation: Your magical capacity is low. (-10% MP)
                  | [potion of mutation]
  2755 | Sewer    | Lost mutation: Your magical capacity is low. (-10% MP)
                  | [potion of mutation]
  2755 | Sewer    | Gained mutation: You are strong-willed. (Will+) [potion of
                  | mutation]
  2755 | Sewer    | Gained mutation: You expend magic power (3 MP) to
                  | strengthen your wands. [potion of mutation]
  2755 | Sewer    | Gained mutation: Your flesh is heat resistant. (rF+)
                  | [potion of mutation]
  2932 | D:4      | Reached XP level 7. HP: 59/64 MP: 6/6
  3078 | D:4      | Reached skill level 7 in Fighting
  3270 | D:5      | Entered Level 5 of the Dungeon
  3277 | D:5      | You pick up a book of Geomancy and begin reading...
  3277 | D:5      | You add the spells Sandblast, Passwall and Stone Arrow to
                  | your library.
  3503 | D:5      | Reached skill level 7 in Axes
  3553 | D:5      | Reached skill level 6 in Armour
  3713 | D:5      | Reached skill level 8 in Fighting
  3713 | D:5      | Reached XP level 8. HP: 74/74 MP: 7/7
  3899 | D:6      | Found an opulent altar of Gozag.
  3916 | D:6      | Reached skill level 1 in Throwing
  4157 | D:6      | Found a sacrificial altar of Ru.
  4274 | D:6      | Reached skill level 8 in Axes
  4923 | D:7      | Reached skill level 9 in Fighting
  4923 | D:7      | Reached skill level 2 in Throwing
  5060 | D:7      | Found a bloodstained altar of Trog.
  5098 | D:7      | Reached skill level 9 in Axes
  5123 | D:7      | Identified the +2 leather armour "Hoyse" {rC- Will++ Regen+
                  | Int+4}
  5259 | D:7      | Found a staircase to the Ecumenical Temple.
  5266 | D:7      | Reached XP level 9. HP: 81/85 MP: 8/8
  5272 | Temple   | Entered the Ecumenical Temple
  5279 | Temple   | Became a worshipper of Warmaster Okawaru
  5399 | D:7      | Noticed a two-headed ogre
  5408 | D:7      | Killed a two-headed ogre
  5408 | D:7      | Reached * piety under Okawaru
  5409 | D:7      | Reached skill level 10 in Fighting
  5409 | D:7      | Reached skill level 3 in Throwing
  5692 | D:7      | Reached skill level 10 in Axes
  6015 | D:7      | You pick up a book of Minor Magic and begin reading...
  6015 | D:7      | You add the spells Magic Dart and Mephitic Cloud to your
                  | library.
  6510 | D:8      | Reached skill level 4 in Throwing
  6688 | D:8      | Found a white marble altar of Elyvilon.
  6688 | D:8      | Found a snail-covered altar of Cheibriados.
  6763 | D:8      | Found a staircase to the Lair.
  6788 | D:8      | Reached skill level 11 in Fighting
  6852 | D:8      | Reached ** piety under Okawaru
  6902 | D:8      | Reached skill level 11 in Axes
  7072 | D:8      | Noticed Pikel
  7086 | D:8      | Killed Pikel
  7087 | D:8      | Reached XP level 10. HP: 81/97 MP: 9/9
  7093 | D:8      | Reached *** piety under Okawaru
  7432 | D:8      | Noticed Grum
  7440 | D:8      | Reached skill level 5 in Throwing
  7454 | D:8      | HP: 22/97 [Grum/-2 halberd (8)]
  7459 | D:8      | HP: 7/97 [Grum/-2 halberd (10)]
  7462 | D:8      | Killed Grum
  7463 | D:8      | Reached skill level 12 in Fighting
  8023 | D:9      | Reached skill level 12 in Axes
  8271 | D:9      | Paralysed by a hornet for 3 turns
  8284 | D:9      | Reached **** piety under Okawaru
  8503 | D:9      | Noticed a two-headed ogre
  8513 | D:9      | Killed a two-headed ogre
  9023 | D:9      | Received a gift from Okawaru
  9031 | D:9      | Reached ***** piety under Okawaru
  9126 | D:9      | Reached skill level 13 in Fighting
  9126 | D:9      | Reached skill level 6 in Throwing
  9202 | D:10     | Entered Level 10 of the Dungeon
  9209 | D:10     | Noticed Urug
  9225 | D:10     | Killed Urug
  9227 | D:10     | R - a +2 double sword of holy wrath {longrare=g}
  9483 | D:10     | Reached skill level 13 in Axes
  9634 | D:10     | Reached XP level 11. HP: 107/107 MP: 10/10
  9692 | D:10     | Noticed Joseph
  9709 | D:10     | Killed Joseph
  9987 | D:10     | Found Casiguwn's Assorted Antiques.
  9996 | D:10     | Bought a runed buckler for 225 gold pieces
  9996 | D:10     | Bought a lumpy jasper amulet for 150 gold pieces
 10020 | D:10     | You drop a +2 double sword of holy wrath {longrare=g}.
 10025 | D:10     | R - a +2 double sword of holy wrath {longrare=g}
 10093 | D:10     | Noticed a two-headed ogre
 10093 | D:10     | Noticed a two-headed ogre
 10114 | D:10     | Killed a two-headed ogre
 10123 | D:10     | Killed a two-headed ogre
 10123 | D:10     | Received a gift from Okawaru
 10310 | D:10     | Noticed a two-headed ogre
 10317 | D:10     | Killed a two-headed ogre
 10318 | D:10     | Reached skill level 14 in Fighting
 10927 | D:10     | Noticed Snorg
 10940 | D:10     | HP: 20/110 [Snorg (24)]
 10941 | D:10     | HP: 9/110 [Snorg (4)]
 10941 | D:10     | HP: 4/110 [Snorg (5)]
 11380 | Lair:1   | Entered Level 1 of the Lair of Beasts
 11545 | Lair:1   | Reached skill level 7 in Armour
 11546 | Lair:1   | Reached skill level 14 in Axes
 12266 | Lair:1   | Noticed Harold
 12276 | Lair:1   | Killed Harold
 12313 | Lair:1   | Noticed Amaemon
 12328 | Lair:1   | Received a gift from Okawaru
 12337 | Lair:1   | Killed Amaemon
 12340 | Lair:1   | You drop a +2 double sword of holy wrath {longrare=g}.
 12624 | Lair:1   | R - a +2 double sword of holy wrath {longrare=g}
 12649 | Lair:1   | Reached skill level 15 in Fighting
 12722 | Lair:1   | Reached ****** piety under Okawaru
 12924 | Lair:1   | Reached skill level 8 in Armour
 12927 | Lair:1   | Reached XP level 12. HP: 79/121 MP: 11/11
 13405 | Lair:2   | Reached skill level 15 in Axes
 13504 | Lair:2   | Identified the +11 long sword of the Maze {vorpal, rElec
                  | rCorr SInv}
 13664 | Lair:2   | Found a staircase to the Snake Pit.
 14265 | Lair:3   | You drop a +2 double sword of holy wrath {longrare=g}.
 14266 | Lair:3   | R - a +2 double sword of holy wrath {longrare=g}
 14329 | Lair:3   | Reached skill level 1 in Maces & Flails
 14649 | Lair:3   | Reached skill level 2 in Maces & Flails
 14985 | Lair:3   | Found a staircase to the Shoals.
 15308 | Lair:4   | Found a staircase to the Slime Pits.
 15314 | Lair:4   | Reached skill level 16 in Fighting
 15314 | Lair:4   | Reached skill level 3 in Maces & Flails
 15321 | Lair:4   | Reached skill level 9 in Armour
 15363 | Lair:3   | HP: 21/122 [yak[a torpor snail] (11)]
 15374 | Lair:3   | HP: 18/122 [yak[a torpor snail] (11)]
 15690 | Lair:3   | Received a gift from Okawaru
 15691 | Lair:3   | Reached skill level 4 in Maces & Flails
 15950 | Lair:4   | Reached skill level 5 in Maces & Flails
 16080 | Lair:4   | Noticed a four-headed hydra
 16088 | Lair:4   | Reached skill level 6 in Maces & Flails
 16113 | Lair:4   | Killed a 12-headed hydra
 16123 | Lair:4   | Received a gift from Okawaru
 16415 | Lair:4   | Reached XP level 13. HP: 67/130 MP: 12/12
 16418 | Lair:4   | Reached skill level 17 in Fighting
 16418 | Lair:4   | Reached skill level 10 in Armour
 16646 | Lair:4   | You drop a +2 double sword of holy wrath {longrare=g}.
 16647 | Lair:4   | R - a +2 double sword of holy wrath {longrare=g}
 16866 | Lair:4   | You pick up a book of Vapours and begin reading...
 16866 | Lair:4   | You add the spells Poisonous Vapours and Corpse Rot to your
                  | library.
 16979 | Lair:4   | Received a gift from Okawaru
 17223 | Lair:4   | Received a gift from Okawaru
 17555 | Lair:5   | Entered Level 5 of the Lair of Beasts
 17572 | Lair:4   | Reached skill level 4 in Shields
 17587 | Lair:5   | HP: 28/134 [death yak (6)]
 18080 | Lair:5   | Reached skill level 18 in Fighting
 18162 | Lair:5   | Reached skill level 5 in Shields
 18891 | Lair:4   | Received a gift from Okawaru
 18892 | Lair:4   | Reached skill level 11 in Armour
 18898 | Lair:4   | Reached skill level 6 in Shields
 19215 | Lair:5   | Received a gift from Okawaru
 19217 | Lair:5   | You drop a +2 double sword of holy wrath {longrare=g}.
 19301 | Lair:5   | R - a +2 double sword of holy wrath {longrare=g}
 19322 | Lair:5   | Reached skill level 19 in Fighting
 19637 | Lair:5   | Reached XP level 14. HP: 121/146 MP: 13/13
 19849 | Lair:5   | Identified the +2 pair of boots "Dionaoho" {+Inv Will+
                  | Str+5} (Okawaru gifted it to you on level 5 of the Lair of
                  | Beasts)
 19849 | Lair:5   | Received a gift from Okawaru
 19850 | Lair:5   | Reached skill level 12 in Armour
 19958 | Lair:5   | You drop a +2 double sword of holy wrath {longrare=g}.
 19976 | Lair:5   | R - a +2 double sword of holy wrath {longrare=g}
 20004 | Lair:5   | Identified the +0 leather armour of Whack-A-Mole {rN++}
 20578 | D:10     | Bought a fading cloak for 285 gold pieces
 20578 | D:10     | Identified the +1 cloak of the Sailor {Fly rElec Will++
                  | Str-5} (You bought it in a shop on level 10 of the Dungeon)
 20578 | D:10     | Bought a metallic ruby potion for 27 gold pieces
 20579 | D:10     | You drop a +2 double sword of holy wrath {longrare=g}.
 20649 | D:10     | Killed Snorg
 20991 | D:10     | R - a +2 double sword of holy wrath {longrare=g}
 21140 | D:11     | Noticed Erica
 21171 | D:11     | Killed Erica
 21469 | D:11     | Reached skill level 20 in Fighting
 21472 | D:11     | Reached skill level 7 in Shields
 21649 | D:11     | You pick up a book of Decay and begin reading...
 22362 | D:12     | You drop a +2 double sword of holy wrath {longrare=g}.
 22375 | D:12     | R - a +2 double sword of holy wrath {longrare=g}
 22561 | D:12     | Found a staircase to the Orcish Mines.
 23298 | D:12     | Found a large runed translucent door.
 23298 | D:12     | Found a large runed translucent door.
 23299 | D:12     | Noticed middlethird's ghost (journeyman MeFE)
 23578 | D:12     | Killed middlethird's ghost
 23733 | D:12     | You drop a +2 double sword of holy wrath {longrare=g}.
 23746 | Orc:1    | Entered Level 1 of the Orcish Mines
 23990 | Orc:1    | Found Ciqaddypaa's Weapon Emporium.
 24192 | Orc:2    | Entered Level 2 of the Orcish Mines
 24224 | Orc:2    | Reached skill level 8 in Shields
 24234 | Orc:2    | Received a gift from Okawaru
 24267 | Orc:1    | Reached skill level 13 in Armour
 24534 | Orc:1    | HP: 27/149 [orc knight/+0 great sword (34)]
 25561 | Orc:2    | Gained mutation: You are frail. (-10% HP) [a neqoxec]
 25565 | Orc:2    | Found Qeuwebb's Distillery.
 25574 | Orc:2    | Bought a potion of heal wounds for 65 gold pieces
 25574 | Orc:2    | Bought a potion of curing for 39 gold pieces
 25574 | Orc:2    | Bought a potion of curing for 39 gold pieces
 25651 | Orc:2    | Found Qomopt's Antique Armour Shop.
 25673 | Orc:2    | Reached skill level 21 in Fighting
 25947 | Orc:2    | Found Liylixi's Armour Emporium.
 26326 | Orc:2    | Found a staircase to the Elven Halls.
 26491 | Orc:2    | Found Jystryr's General Store.
 26692 | Orc:2    | Found Sekit's Distillery.
 26718 | Orc:2    | Identified the +3 hand crossbow of the Rattlesnake {penet,
                  | Drain rElec rPois Dex+2} (Okawaru gifted it to you on level
                  | 2 of the Orcish Mines)
 26718 | Orc:2    | Received a gift from Okawaru
 26924 | Orc:2    | Bought a glowing plate armour for 884 gold pieces
 27131 | Snake:1  | Entered Level 1 of the Snake Pit
 27133 | Snake:1  | Noticed Josephine
 27169 | Lair:2   | HP: 33/135 [anaconda[a naga ritualist] (13)]
 27176 | Lair:2   | Reached skill level 1 in Ranged Weapons
 27667 | Snake:1  | Killed Josephine
 27976 | Snake:1  | Reached skill level 2 in Ranged Weapons
 27976 | Snake:1  | Reached XP level 15. HP: 95/142 MP: 14/14
 28597 | Snake:1  | Found Tywacus's Assorted Antiques.
 28601 | Snake:1  | Bought an embroidered cloak for 300 gold pieces
 28630 | Snake:1  | HP: 35/144 [constriction (4)]
 28632 | Snake:1  | HP: 7/144 [naga/+0 trident of protection (14)]
 29075 | Shoals:1 | Entered Level 1 of the Shoals
 29088 | Shoals:1 | Reached skill level 3 in Ranged Weapons
 29243 | Shoals:1 | You pick up a book of Conjurations {@e2} and begin
                  | reading...
 29243 | Shoals:1 | You add the spells Searing Ray and Fulminant Prism to your
                  | library.
 29283 | Shoals:1 | Noticed Donald
 29300 | Shoals:1 | Killed Donald
 29301 | Shoals:1 | Reached skill level 14 in Armour
 29308 | Shoals:1 | t - a +3 eveningstar of protection {macerare=g}
 29500 | Shoals:1 | Received a gift from Okawaru
 29509 | Shoals:1 | Reached skill level 22 in Fighting
 29564 | Shoals:1 | Received a gift from Okawaru
 29565 | Shoals:1 | Reached skill level 4 in Ranged Weapons
 29672 | Shoals:1 | Found a hide-covered altar of Uskayaw.
 29692 | Shoals:1 | Received a gift from Okawaru
 29937 | Shoals:1 | You drop a +3 eveningstar of protection {macerare=g}.
 29939 | Shoals:1 | t - a +3 eveningstar of protection {macerare=g}
 30029 | Shoals:1 | You drop a +3 eveningstar of protection {macerare=g}.
 30071 | Shoals:1 | Identified the +9 arbalest of the Lesser Evil {speed, Will+
                  | Int+3}
 30358 | Shoals:1 | Reached skill level 5 in Ranged Weapons
 31306 | Shoals:2 | Received a gift from Okawaru
 31568 | Shoals:2 | Reached skill level 23 in Fighting
 31820 | Shoals:2 | Received a gift from Okawaru
 31820 | Shoals:2 | Found the +18 shield of the Gong {rElec rN+ Will+ EV-5}
 31832 | Shoals:2 | Found a runed translucent door.
 32171 | Shoals:2 | HP: 35/146 [poisoned by a sea snake]
 32176 | Shoals:2 | HP: 23/146 [poisoned by a sea snake]
 32181 | Shoals:2 | HP: 20/146 [poisoned by a sea snake]
 32276 | Shoals:2 | HP: 33/146 [poisoned by a sea snake]
 32279 | Shoals:2 | HP: 13/146 [poisoned by a sea snake]
 32676 | Shoals:3 | HP: 28/146 [wind drake/the air (12)]
 32678 | Shoals:3 | HP: 11/146 [wind drake/the air (13)]
 32684 | Shoals:3 | HP: 23/146 [water nymph/the raging water (15)]
 32689 | Shoals:3 | HP: 17/146 [wind drake/the air (8)]
 32690 | Shoals:3 | HP: 5/146 [wind drake/the air (13)]
 32693 | Shoals:3 | Killed from afar by a water nymph

Vanquished Creatures
  Donald (Shoals:1)
  The ghost of middlethird the Cleaver, a journeyman MeFE of Cheibriados (D:12)
  A minotaur (Shoals:1)
  Snorg (D:10)
  Josephine (Snake:1)
  A merfolk javelineer (Shoals:1)
  3 catoblepae (Lair:5)
  3 hydras
  Harold (Lair:1)
  3 anacondas (Lair:2)
  2 satyrs
  Erica (D:11)
  A naga warrior (Snake:1)
  An alligator snapping turtle (Shoals:2)
  7 two-headed ogres
  12 death yaks
  2 shock serpents (Snake:1)
  Urug (D:10)
  8 sea snakes
  3 skeletal warriors (D:11)
  Amaemon (Lair:1)
  A naga ritualist (Snake:1)
  Pikel (D:8)
  11 harpies
  3 oklob plants
  2 mana vipers
  6 manticores
  2 orc sorcerers (Orc:2)
  8 orc knights
  3 cyclopes
  13 fauns
  Joseph (D:10)
  A merfolk siren (Shoals:2)
  A guardian serpent (Snake:1)
  20 elephants
  A water nymph (Shoals:2)
  9 black mambas
  2 naga magi (Snake:1)
  3 torpor snails
  6 cane toads
  An orange demon (Lair:1)
  3 rime drakes
  A kobold demonologist (D:11)
  4 komodo dragons
  11 merfolk
  3 trolls
  3 polar bears
  4 wind drakes
  3 meliai (Shoals:1)
  Grinder (D:3)
  4 snapping turtles
  A hornet (D:9)
  8 blink frogs
  9 dream sheep
  2 shadows
  7 wraiths
  2 basilisks
  54 yaks
  3 wyverns
  3 water elementals
  Grum (D:8)
  4 vampire mosquitoes (D:12)
  4 wargs
  3 nagas (Snake:1)
  An acid dragon (D:11)
  13 water moccasins
  Pargi (Sewer)
  An ice beast (D:8)
  A sky beast (D:6)
  5 black bears
  32 orc warriors
  19 wolves
  2 ogres (Orc:2)
  3 lemures (D:8)
  6 centaurs
  2 kobold brigands
  A gnoll sergeant (D:9)
  11 bullfrogs
  8 necrophages
  2 scorpions
  12 wights
  8 howler monkeys
  4 electric eels (D:12)
  A lava snake (D:8)
  A jelly (D:7)
  8 orc priests
  4 hounds
  4 iguanas
  16 orc wizards
  10 gnolls
  9 adders
  6 river rats
  2 white imps
  2 ufetubi
  3 worms
  79 orcs
  10 endoplasms
  8 giant cockroaches
  4 goblins
  12 hobgoblins
  5 quokkas
  5 ball pythons
  8 bats
  6 frilled lizards
  20 kobolds
  7 rats
650 creatures vanquished.

Vanquished Creatures (others)
  An orc priest (Orc:2)
  27 fungi
  65 plants
93 creatures vanquished.

Grand Total: 743 creatures vanquished

Table legend:
 A = Non-vault XP
 B = Vault XP
 C = Vault XP percentage of total XP
 D = Non-vault monster count
 E = Vault monster count
 F = Vault count percentage of total count
                 A         B        C        D         E       F
            +---------+---------+-------+---------+---------+-------
      Total |   93914 |   50069 |  34.8 |     464 |     183 |  28.3
            +---------+---------+-------+---------+---------+-------
        D:1 |      46 |       0 |   0.0 |      30 |       0 |   0.0
        D:2 |      42 |       0 |   0.0 |      17 |       0 |   0.0
        D:3 |      31 |     277 |  89.9 |      11 |       1 |   8.3
        D:4 |     212 |     143 |  40.3 |      18 |      10 |  35.7
        D:5 |     413 |     124 |  23.1 |       9 |       7 |  43.8
        D:6 |     672 |       0 |   0.0 |      19 |       0 |   0.0
        D:7 |    1817 |       0 |   0.0 |      20 |       0 |   0.0
        D:8 |    1712 |    1272 |  42.6 |      33 |       6 |  15.4
        D:9 |    2826 |       0 |   0.0 |      18 |       0 |   0.0
       D:10 |    3619 |    2184 |  37.6 |      10 |       3 |  23.1
       D:11 |    7302 |    2253 |  23.6 |      20 |       4 |  16.7
       D:12 |    2797 |    1575 |  36.0 |      19 |      17 |  47.2
     Lair:1 |    5506 |    2036 |  27.0 |      25 |       3 |  10.7
     Lair:2 |    5082 |    1411 |  21.7 |      10 |       7 |  41.2
     Lair:3 |    4280 |     858 |  16.7 |      15 |       2 |  11.8
     Lair:4 |   16306 |    1935 |  10.6 |      48 |       7 |  12.7
     Lair:5 |    6028 |   15481 |  72.0 |      24 |      34 |  58.6
   Shoals:1 |    9572 |    8290 |  46.4 |      19 |      14 |  42.4
   Shoals:2 |   13461 |    2374 |  15.0 |      28 |       4 |  12.5
   Shoals:3 |    2084 |       0 |   0.0 |       4 |       0 |   0.0
    Snake:1 |    5523 |    1330 |  19.4 |      11 |       3 |  21.4
      Orc:1 |    1205 |    1421 |  54.1 |      35 |       5 |  12.5
      Orc:2 |    3378 |    6961 |  67.3 |      21 |      50 |  70.4
      Sewer |       0 |     144 | 100.0 |       0 |       6 | 100.0
            +---------+---------+-------+---------+---------+-------

Illustrated notes

Table legend:
 A = Kills in this place as a percentage of kills in entire the game.
 B = Kills by you in this place as a percentage of kills by you in the entire game.
 C = Kills by friends in this place as a percentage of kills by friends in the entire game.
 D = Other kills in this place as a percentage of other kills in the entire game.
 E = Experience gained in this place as a percentage of experience gained in the entire game.
 F = Experience gained in this place divided by the number of levels of this place that you have seen.
                   A       B       C       D       E      F
               +-------+-------+-------+-------+-------+----------------------
         Total | 100.0 | 100.0 |   N/A |   N/A | 100.0 | 5759.3
       Dungeon |  42.0 |  42.0 |   N/A |   N/A |  20.4 | 2443.1
          Lair |  27.0 |  27.0 |   N/A |   N/A |  40.9 | 11784.6
        Shoals |  10.7 |  10.7 |   N/A |   N/A |  24.9 | 11927.0
     Snake Pit |   2.2 |   2.2 |   N/A |   N/A |   4.8 | 6853.0
  Orcish Mines |  17.2 |  17.2 |   N/A |   N/A |   9.0 | 6482.5
         Sewer |   0.9 |   0.9 |   N/A |   N/A |   0.1 | 144.0
               +-------+-------+-------+-------+-------+----------------------

Table legend: (Time is in decaauts)
 A = Elapsed time spent in this place.
 B = Non-inter-level travel time spent in this place.
 C = Inter-level travel time spent in this place.
 D = Time resting spent in this place.
 E = Time spent auto-exploring this place.
 F = Levels seen in this place.
 G = Mean time per level.
                   A        B        C        D        E       F      G
               +--------+--------+--------+--------+--------+-----+--------+
         Total |  32049 |  30912 |   1137 |   5492 |  20614 |  25 | 1282.0 |
       Dungeon |  14537 |  13837 |    700 |    990 |  10851 |  12 | 1211.4 |
        Temple |     14 |     14 |      0 |      0 |      0 |   1 |   14.0 |
          Lair |   9646 |   9365 |    281 |   2177 |   5913 |   5 | 1929.2 |
        Shoals |   3609 |   3609 |      0 |    656 |   2163 |   3 | 1203.0 |
     Snake Pit |   1090 |   1090 |      0 |    904 |      0 |   1 | 1090.0 |
  Orcish Mines |   2750 |   2595 |    155 |    649 |   1469 |   2 | 1375.0 |
         Sewer |    400 |    400 |      0 |    116 |    217 |   1 |  400.0 |
               +--------+--------+--------+--------+--------+-----+--------+

Top non-repeatable levels by time:
    D:10: 2445 daAuts
  Lair:5: 2362 daAuts
  Lair:1: 2002 daAuts
Shoals:2: 1979 daAuts
  Lair:4: 1943 daAuts
    D:12: 1846 daAuts
  Lair:2: 1733 daAuts
     D:7: 1622 daAuts
  Lair:3: 1604 daAuts
   Orc:2: 1561 daAuts
     D:9: 1551 daAuts
Shoals:1: 1542 daAuts
     D:8: 1492 daAuts
   Orc:1: 1189 daAuts
 Snake:1: 1090 daAuts
